 Dungeon Crawl Stone Soup version 0.32-a0-913-g739538afd8 (webtiles) character file.

Game seed: 2712129869898718667

814 ezpacito the Trooper (level 7, -2/82 HPs)
             Began as a Coglin Chaos Knight on Apr 10, 2024.
             Was a Plaything of Xom.
             Slain by a gnoll bouda
             ... wielding a +1 whip of chaos
              (10 damage)
             ... on level 6 of the Dungeon.
             The game lasted 00:06:54 (4734 turns).

ezpacito the Trooper (Coglin Chaos Knight)          Turns: 4734, Time: 00:06:54

Health: -2/82      AC:  8    Str: 14    XL:     7   Next: 93%
Magic:  9/9        EV:  6    Int: 12    God:    Xom [......]
Gold:   167        SH:  0    Dex: 11    Spells: 9/9 levels left

rFire   . . .        a - +0 hand axe (chaos) {Anan}
rCold   . . .        k - +0 spear {Ilse}
rNeg    . . .        o - +0 chain mail
rPois   .            (no helmet)
rElec   +            s - +0 cloak
rCorr   .            n - +0 pair of gloves
SInv    .            b - +0 pair of boots
Will    +....        (amulet unavailable) Stlth
                     (ring unavailable)
HPRegen 0.33/turn    (ring unavailable)
MPRegen 0.11/turn    (no gizmo)

%: no passive effects
@: berserking, enlightened, flying, invisible, revved, very quick
A: off-hand wielding, slow wielding, warmup strikes, no jewellery, clumsy 1,
deformed body, electricity resistance
a: Invent Gizmo, Renounce Religion


You were on level 6 of the Dungeon.
You worshipped Xom.
You were a very special plaything of Xom.
You visited 1 branch of the dungeon, and saw 6 of its levels.

You collected 294 gold pieces.
You spent 127 gold pieces at shops.

Inventory:

Hand Weapons
 a - a +0 hand axe of chaos (weapon) {Anan}
 k - a +0 spear (offhand) {Ilse}
 l - a +0 war axe
 w - the +3 flail "Roptief" {heavy, rN+++ Will++ Str-5}
   (Xom gifted it to you on level 5 of the Dungeon)

   Str-5:     It affects your strength (-5).
   rN+++:     It renders you almost immune to negative energy.
   Will++:    It greatly increases your willpower.
Missiles
 p - 10 poisoned darts (quivered)
Armour
 b - a +0 pair of boots (worn)
 n - a +0 pair of gloves (worn)
 o - a +0 chain mail (worn)
 s - a +0 cloak (worn)
Magical Staves
 d - a staff of air
 q - a staff of conjuration
Scrolls
 e - a scroll of fear {unknown}
 f - 2 scrolls of immolation
 m - 2 scrolls of enchant armour {unknown}
 r - a scroll of fog {unknown}
 t - 3 scrolls of teleportation
 u - a scroll of amnesia {unknown}
 v - a scroll of revelation {unknown}
Potions
 g - 2 potions of brilliance


   Skills:
 * Level 4.6 Fighting
 * Level 4.2(4.8) Axes
 * Level 2.7(3.8) Polearms
 * Level 3.3 Armour
 * Level 2.9 Dodging
 + Level 1.9 Stealth
 + Level 1.5 Spellcasting
 + Level 1.1 Conjurations
 + Level 2.6 Evocations


You had 9 spell levels left.
You didn't know any spells.
Your spell library contained the following spells:

 Spells                   Type           Power      Damage    Failure   Level
 Vhi's Electric Charge    Tloc/Air       0%         N/A       100%        4
 Arcjolt                  Conj/Air       1%         1d11      100%        5
 Plasma Beam              Fire/Air       0%         2x1d10    100%        6


Dungeon Overview and Level Annotations

Branches:
Dungeon (6/15)
 Temple: D:4-7

Altars:
Xom

Shops:
D:1 (   D:3 [[!


Innate Abilities, Weirdness & Mutations

You can wield a second weapon in your off-hand.
It takes a long time for you to wield or remove held weapons.
Your first few attacks do less damage.
You cannot equip rings or amulets.
You are clumsy. (Dex -2)
Armour fits poorly on your strangely shaped body.
You are resistant to electric shocks. (rElec)


Message History

The gnoll closely misses you. x2; The gnoll hits you but does no damage.
You see here a +0 spear.
You hit the gnoll with your +0 spear.
The gnoll is moderately wounded.
You catch the helpless gnoll completely off-guard!
You slash the gnoll with your +0 hand axe of chaos!
The gnoll flies into a frenzy!
You completely miss the gnoll with your +0 hand axe of chaos.
You hit the gnoll but do no damage.
The gnoll seems to speed up.
The gnoll hits the gnoll with a +0 whip.
The gnoll dies!
The gnoll hits you with a +0 flail of protection.
The gnoll hits you but does no damage. The gnoll barely misses you.
You take 2 damage, and have 20/55 hp.
You catch the helpless gnoll completely off-guard!
You hit the gnoll but do no damage. You drain the gnoll.
You kill the gnoll!
You hit the gnoll but do no damage. The gnoll hits you but does no damage.
The gnoll completely misses you.
You see here a +0 club.
The gnoll bouda closely misses you.
You strike the helpless gnoll bouda from behind!
You hit the gnoll bouda with your +0 spear.
The gnoll bouda is lightly wounded.
You catch the helpless gnoll bouda completely off-guard!
You hit the gnoll bouda but do no damage.
You hit the gnoll but do no damage.
The gnoll hits you with a +0 flail of protection!
* * * LOW HITPOINT WARNING * * *
The gnoll bouda barely misses you.
The gnoll hits you with a +0 flail of protection!
* * * LOW HITPOINT WARNING * * *
You take 14 damage, and have 7/55 hp.
MASSIVE DAMAGE!!
Okay, then.
A red film seems to cover your vision as you go berserk!
You feel yourself moving faster!
You feel mighty!
The gnoll hits you with a +0 flail of protection.
* * * LOW HITPOINT WARNING * * *
The gnoll bouda hits you with a +1 whip of chaos!
You die...

..# ..# #..##.#
#....# ....##
....# ##..##
##....#
##.))..##
#g@g....#
.............#
.....
##...........#
.....
##............+
.....
##...........+
b....
............##
b....
..##..........#


bb... ## ##.######..# b..b. You could see a gnoll bouda (unable to see you) and
a gnoll (fast, unable to see you, very drained).

Vanquished Creatures
  2 phantoms
  A scorpion (D:5)
  A bombardier beetle (D:5)
  4 jellies
  Crazy Yiuf (D:5)
  5 iguanas
  2 gnolls (D:6)
  6 adders
  2 ufetubi (D:5)
  4 dart slugs
  A ribbon worm (D:4)
  8 orcs
  4 endoplasms
  2 giant cockroaches
  6 goblins
  7 hobgoblins
  2 jackals (D:1)
  2 quokkas
  5 ball pythons
  3 bats
  A frilled lizard (D:2)
  8 kobolds
  4 rats
81 creatures vanquished.

Vanquished Creatures (collateral kills)
  A gnoll sergeant (D:5)
  6 gnolls
  A dart slug (D:5)
  A kobold (D:4)
9 creatures vanquished.

Grand Total: 90 creatures vanquished

Notes
Turn   | Place    | Note
-------+----------+-------------------------------------------
     0 | D:1      | ezpacito the Coglin Chaos Knight began the quest for the
                  | Orb.
     0 | D:1      | Reached XP level 1. HP: 18/18 MP: 1/1
    38 | D:1      | Reached skill level 1 in Dodging
    87 | D:1      | Reached XP level 2. HP: 24/24 MP: 2/2
    97 | D:1      | Found Wyken's Antique Weapon Boutique.
   159 | D:1      | XOM: divination: detect items
   265 | D:1      | XOM: divination: detect creatures
   652 | D:2      | Reached XP level 3. HP: 29/29 MP: 3/3
   756 | D:2      | Reached skill level 1 in Stealth
   841 | D:2      | Reached skill level 1 in Polearms
   900 | D:2      | Reached XP level 4. HP: 35/35 MP: 4/4
  1101 | D:3      | Found a faded altar of an unknown god.
  1232 | D:3      | Reached skill level 1 in Evocations
  1232 | D:3      | Reached XP level 5. HP: 18/41 MP: 5/5
  1321 | D:3      | Found Demuhaq's Armour Emporium.
  1325 | D:3      | Bought a +0 pair of gloves for 49 gold pieces
  1569 | D:3      | Found Deicuneo's Armour Shoppe.
  1671 | D:3      | You fall into a shaft and drop 3 floors!
  1686 | D:5      | Entered Level 5 of the Dungeon
  1847 | D:3      | Found Aba Dyff's Distillery.
  1856 | D:3      | Bought a potion of degeneration for 13 gold pieces
  2012 | D:3      | Bought a potion of heal wounds for 65 gold pieces
  2316 | D:4      | XOM: smoke on damage
  2586 | D:4      | XOM: 5-stop teleportation journey
  2598 | D:4      | Reached XP level 6. HP: 40/48 MP: 7/7
  3366 | D:5      | Reached skill level 1 in Spellcasting
  3470 | D:5      | XOM: scenery: create altars
  3605 | D:5      | XOM: silly message
  3681 | D:5      | Reached XP level 7. HP: 30/54 MP: 8/8
  3923 | D:5      | XOM: summons 3 friendly demons
  3938 | D:5      | XOM: summons 2 friendly demons
  4072 | D:5      | XOM: scenery: create altars
  4305 | D:5      | Found a runed translucent door.
  4306 | D:5      | Noticed Crazy Yiuf
  4503 | D:5      | XOM: god gift: fine flail {god gift}
  4503 | D:5      | Identified the +3 flail "Roptief" {heavy, rN+++ Will++
                  | Str-5} (Xom gifted it to you on level 5 of the Dungeon)
  4507 | D:5      | Killed Crazy Yiuf
  4631 | D:6      | Reached skill level 1 in Conjurations
  4707 | D:6      | XOM: summons 4 hostile demons
  4708 | D:6      | Noticed a chaos spawn
  4714 | D:6      | XOM: give mutations
  4714 | D:6      | Gained mutation: Armour fits poorly on your strangely
                  | shaped body. [Xom's mischief]
  4714 | D:6      | Gained mutation: You are resistant to electric shocks.
                  | (rElec) [Xom's mischief]
  4714 | D:6      | Gained mutation: You are clumsy. (Dex -2) [Xom's mischief]
  4724 | D:6      | XOM: chaos upgrade
  4734 | D:6      | Slain by a gnoll bouda

Illustrated notes

Levels and vault maps discovered:
D:1:      dpeg_arrival_boxorama, layout_basic, serial_shops, shop
D:2:      layout_basic
D:3:      layout_loops_ring, serial_shops, nicolae_shop_tiny_statue_garden,
          nicolae_shop_tiny_glass, nicolae_shop_back_alley_shop,
          nicolae_ecumenical_pavilion, minmay_misc_feat_iff
D:4:      layout_rooms, serial_rivers, chequers_serial_rivers_small_b,
          chequers_serial_rivers_micro_c, chequers_serial_rivers_room_a,
          chequers_serial_rivers_micro_c, chequers_serial_rivers_marsh,
          minmay_liquid_box, grunt_ministairs_6, corexii_checkpoint
D:5:      layout_gridville, uniq_crazy_yiuf_cottage
D:6:      layout_cave_pods, mainiacjoe_overflow_alcove_4,
          minmay_temple_entry_waves, serial_bayou, serial_bayou_crossing,
          serial_bayou_shore_a, serial_bayou_pond_e, serial_bayou_pond_e,
          serial_bayou_pond_a, serial_bayou_ford_a, uniq_edmund

Skill      XL: |  1  2  3  4  5  6  7 |
---------------+----------------------+-----
Dodging        | 1 2 |  2.9
Armour         | 2 3 |  3.3
Stealth        | 1 |  1.9
Polearms       | 1 2 |  2.7
Evocations     | 1 2 |  2.6
Fighting       | 4 |  4.6
Spellcasting   | 1 |  1.5
Axes           | 4 |  4.2
Conjurations   | 1 |  1.1

Action                     |  1- 3 |  4- 6 |  7- 9 || total
---------------------------+-------+-------+-------++-------
  Melee: Dagger            |    25 |       |       ||    25
         Hand axe          |    43 |   115 |    42 ||   200
         Spear             |    20 |   152 |    43 ||   215
  Throw: Dart              |       |       |     5 ||     5
    Use: Scroll            |       |     4 |     4 ||     8
         Potion            |       |     1 |     3 ||     4
   Stab: Paralysed         |     2 |       |       ||     2
         Sleeping          |       |     1 |       ||     1
         Confused          |       |     2 |       ||     2
         Invisible         |       |       |     8 ||     8
 Armour: Leather armour    |    29 |     7 |       ||    36
         Chain mail        |       |    89 |    55 ||   144
  Dodge: Dodged            |    22 |    46 |    30 ||    98

Table legend: (Time is in decaauts)
 A = Elapsed time spent in this place.
 B = Non-inter-level travel time spent in this place.
 C = Inter-level travel time spent in this place.
 D = Time resting spent in this place.
 E = Time spent auto-exploring this place.
 F = Levels seen in this place.
 G = Mean time per level.
                   A        B        C        D        E       F      G
               +--------+--------+--------+--------+--------+-----+--------+
         Total |   4755 |   4435 |    320 |    145 |   3615 |   6 |  792.5 |
       Dungeon |   4755 |   4435 |    320 |    145 |   3615 |   6 |  792.5 |
               +--------+--------+--------+--------+--------+-----+--------+

Top non-repeatable levels by time:
     D:5: 1465 daAuts
     D:3: 1065 daAuts
     D:4: 984 daAuts
     D:1: 648 daAuts
     D:2: 457 daAuts
     D:6: 134 daAuts
